[Event "27th Heraklion Open 2019"]
[Site "Heraklion"]
[Date "2019.09.04"]
[Round "3.19"]
[White "Petratos, Georgios"]
[Black "Aggeletou, Fereniki"]
[Result "0-1"]
[ECO "C47"]
[WhiteElo "1567"]
[BlackElo "1178"]
[Annotator "NA"]
[PlyCount "46"]
[EventDate "2019.09.03"]
[EventType "swiss"]
[EventCountry "GRE"]
[SourceTitle "playchess.com"]
[Source "ChessBase"]
[SourceQuality "1"]
[TimeControl "40/5400+30:1800+30"]

1. e4 e5 2. Nf3 Nc6 3. Nc3 Nf6 4. d4 exd4 5. Nd5 d6 6. Nxd4 Ne7 7. Nxf6+ gxf6 8. Bc4 Ng6 9. O-O Bg7 10. Re1 O-O 11. Be3 a6 12. Qd2 b5 13. Bd5 Rb8 14. Nc6 Qe8 15. Nxb8 Kh8 16. Rad1 Rg8 17. Nc6 Nh4 18. Kh1 Bf8 19. Rg1 Bg4 20. h3 Qd7 21. hxg4 Qxg4 22. e5 Nf3 23. Bg5 Qh5+ 0-1

[Event "27th Heraklion Open 2019"]
[Site "Heraklion"]
[Date "2019.09.05"]
[Round "4.5"]
[White "Lithoxoos, Theodoros"]
[Black "Ivanov, Mike"]
[Result "0-1"]
[ECO "C44"]
[WhiteElo "1685"]
[BlackElo "2177"]
[Annotator "ChessBase"]
[PlyCount "50"]
[EventDate "2019.09.03"]
[EventType "swiss"]
[EventCountry "GRE"]
[SourceTitle "playchess.com"]
[Source "ChessBase"]
[SourceQuality "1"]
[TimeControl "40/5400+30:1800+30"]

1. Nf3 Nc6 2. g3 e5 3. e4 f5 4. d3 Nf6 5. Nbd2 Bc5 6. Bg2 d6 7. O-O O-O 8. c3 Kh8 9. b4 Bb6 10. exf5 Bxf5 11. Nc4 e4 12. dxe4 Nxe4 13. Nxb6 axb6 14. Nh4 Nxc3 15. Qh5 Bd3 16. Bb2 Qf6 17. Kh1 Nxb4 18. Rfc1 Nc2 19. Rxc2 Bxc2 20. Rc1 Ra5 21. Qxa5 bxa5 22. Rxc2 Qd4 23. Bf1 Rxf2 24. Bxc3 Rxf1+ 25. Kg2 Qe4+ 0-1

[Event "27th Heraklion Open 2019"]
[Site "Heraklion"]
[Date "2019.09.05"]
[Round "4.6"]
[White "Burnett, Leon P"]
[Black "Bras, Emmanouel"]
[Result "1/2-1/2"]
[ECO "A29"]
[WhiteElo "1849"]
[BlackElo "1838"]
[Annotator "NA"]
[PlyCount "58"]
[EventDate "2019.09.03"]
[EventType "swiss"]
[EventCountry "GRE"]
[SourceTitle "playchess.com"]
[Source "ChessBase"]
[SourceQuality "1"]
[TimeControl "40/5400+30:1800+30"]

1. c4 e5 2. g3 Nf6 3. Bg2 d5 4. cxd5 Nxd5 5. Nc3 Nb6 6. Nf3 Nc6 7. O-O Be7 8. Rb1 O-O 9. b4 a6 10. a3 f5 11. d3 Be6 12. Bb2 Bf6 13. Na4 Nxa4 14. Qxa4 Qe8 15. Nd2 Rb8 16. Rfc1 Bd7 17. Qd1 Qd8 18. Nb3 Nd4 19. Bxd4 exd4 20. Nc5 c6 21. Nxd7 Qxd7 22. a4 Rfc8 23. Qb3+ Qf7 24. b5 Qxb3 25. Rxb3 cxb5 26. Rxc8+ Rxc8 27. Bd5+ Kf8 28. axb5 Rc5 29. Bxb7 Rxb5 1/2-1/2

[Event "27th Heraklion Open 2019"]
[Site "Heraklion"]
[Date "2019.09.05"]
[Round "4.7"]
[White "Lirindzakis, Timotheos"]
[Black "Ergazaki, Eirini"]
[Result "1-0"]
[ECO "D37"]
[WhiteElo "2157"]
[BlackElo "1336"]
[Annotator "ChessBase"]
[PlyCount "63"]
[EventDate "2019.09.03"]
[EventType "swiss"]
[EventCountry "GRE"]
[SourceTitle "playchess.com"]
[Source "ChessBase"]
[SourceQuality "1"]
[TimeControl "40/5400+30:1800+30"]

1. d4 d5 2. c4 e6 3. Nf3 Nf6 4. Nc3 Be7 5. Bf4 a6 6. e3 O-O 7. h3 Nbd7 8. c5 Nb8 9. Bd3 b6 10. b4 bxc5 11. bxc5 a5 12. Rb1 Ba6 13. O-O Bxd3 14. Qxd3 c6 15. Rb7 Nbd7 16. Qc2 h6 17. Rfb1 Qc8 18. Rc7 Qa6 19. Ne5 Nxe5 20. dxe5 Bd8 21. exf6 Bxc7 22. Bxc7 gxf6 23. Ne2 f5 24. Bd6 Rfe8 25. Nd4 Qc8 26. Rb6 Ra6 27. Nxc6 Rxb6 28. cxb6 Qb7 29. Bc7 Ra8 30. Nd8 Qa6 31. Qc6 Kf8 32. b7 1-0

[Event "27th Heraklion Open 2019"]
[Site "Heraklion"]
[Date "2019.09.05"]
[Round "4.8"]
[White "Mavridis, Athanasios"]
[Black "Fasching, Markus"]
[Result "1/2-1/2"]
[ECO "A13"]
[WhiteElo "1493"]
[BlackElo "2029"]
[Annotator "NA"]
[PlyCount "128"]
[EventDate "2019.09.03"]
[EventType "swiss"]
[EventCountry "GRE"]
[SourceTitle "playchess.com"]
[Source "ChessBase"]
[SourceQuality "1"]
[TimeControl "40/5400+30:1800+30"]

1. Nf3 d5 2. c4 e6 3. g3 dxc4 4. Qa4+ Nd7 5. Bg2 a6 6. Qxc4 b5 7. Qc2 Bb7 8. O-O c5 9. d3 Ngf6 10. a4 Be7 11. Bd2 {A13: English Opening: 1...e6} (11. Nc3 Qb6 12. Qb3 b4 13. a5 Qd8 14. Nb1 Bd5 15. Qc2 O-O 16. Nbd2 Nb8 17. Rd1 Ra7 18. e4 Ba8 19. Nb3 {0-1 (49) Nakamura,H (2776)-Kramnik,V (2783) Zuerich 2015}) 11... O-O 12. axb5 axb5 13. Na3 $146 ({Predecessor:} 13. Rxa8 Qxa8 14. Qb3 Bc6 15. Na3 Rb8 16. Ra1 b4 17. Nc2 Bd5 18. Rxa8 Rxa8 {½-½ (67) Caprino,M-Inkiov,V Palmanova 2018}) 13... Qb6 14. Qb1 Rfc8 15. Rc1 Nd5 16. Ne1 h5 17. Nec2 h4 18. Ne3 hxg3 19. hxg3 N7f6 20. Nac2 Bd6 21. Rxa8 Bxa8 22. b4 Rb8 23. Qb2 Nd7 24. Nxd5 exd5 25. bxc5 Bxc5 26. Be3 Bxe3 27. Nxe3 Nf6 28. Rb1 Bc6 29. Nc2 Bd7 30. Nd4 Qc5 31. e3 Rc8 32. Bf3 Ne8 33. Kg2 Nc7 34. Qb3 Ra8 35. Qb2 Qd6 36. Rc1 Rb8 37. Qb3 b4 38. Rb1 Be6 39. Qa4 Rb6 40. Nc2 Bd7 41. Qb3 Bc6 ({Black should play} 41... Be6 $11) 42. Nd4 Bb7 43. Qa4 Ne6 44. Qe8+ Qf8 45. Qxf8+ Kxf8 46. Nxe6+ fxe6 47. Kf1 Ke7 48. Ke2 Kd6 49. Kd2 Kc5 50. Bd1 e5 51. Rc1+ Kd6 52. Bb3 Ba6 53. Ra1 d4 54. Ra4 g5 55. Ra5 Bb5 56. Ra8 Ke7 57. Ra7+ Kf6 58. Rf7+ Kg6 59. Re7 Rf6 $11 60. Rxe5 Rxf2+ 61. Ke1 Rb2 62. Rxb5 Rxb3 63. exd4 Rxd3 64. Rxb4 Rxg3 1/2-1/2

[Event "27th Heraklion Open 2019"]
[Site "Heraklion"]
[Date "2019.09.05"]
[Round "4.9"]
[White "Alquist, Erik"]
[Black "Vlatas, Dimitrios"]
[Result "1-0"]
[ECO "B04"]
[WhiteElo "2020"]
[BlackElo "1393"]
[Annotator "NA"]
[PlyCount "53"]
[EventDate "2019.09.03"]
[EventType "swiss"]
[EventCountry "GRE"]
[SourceTitle "playchess.com"]
[Source "ChessBase"]
[SourceQuality "1"]
[TimeControl "40/5400+30:1800+30"]

1. e4 Nf6 2. e5 Nd5 3. d4 d6 4. c4 Nb6 5. Nf3 g6 6. exd6 cxd6 7. Be3 Bg7 8. Nc3 O-O 9. h3 Qc7 10. Nb5 Qd8 11. Rc1 Nc6 12. Be2 a6 13. Nc3 f5 14. Qd2 Nd7 15. O-O e5 16. Bg5 Nf6 17. Rcd1 e4 18. Nh4 Qe8 19. f3 exf3 20. Bxf3 Ne4 21. Bxe4 Bxd4+ 22. Be3 Bxc3 23. Bd5+ Be6 24. Qxc3 Bxd5 25. Rxd5 Qe4 26. Bh6 Rf7 27. Nf3 1-0

[Event "27th Heraklion Open 2019"]
[Site "Heraklion"]
[Date "2019.09.05"]
[Round "4.10"]
[White "Matthaiaki, Nefeli"]
[Black "Putrenko, Kirill"]
[Result "0-1"]
[ECO "B80"]
[WhiteElo "1306"]
[BlackElo "1974"]
[Annotator "NA"]
[PlyCount "66"]
[EventDate "2019.09.03"]
[EventType "swiss"]
[EventCountry "GRE"]
[SourceTitle "playchess.com"]
[Source "ChessBase"]
[SourceQuality "1"]
[TimeControl "40/5400+30:1800+30"]

1. e4 c5 2. Nf3 d6 3. d4 cxd4 4. Nxd4 Nf6 5. Nc3 a6 6. Be3 e6 7. f3 b5 8. g3 Bb7 9. Qd2 Nbd7 10. Bg2 b4 11. Nd1 d5 12. exd5 Nxd5 13. O-O N7b6 14. b3 Bc5 15. Bf2 O-O 16. f4 Qd7 17. Nf3 Qc7 18. Kh1 Rfd8 19. Qe1 Rac8 20. c4 bxc3 21. Nxc3 Bxf2 22. Nxd5 Bxe1 23. Nxc7 Bb4 24. Rac1 Bd6 25. Nxa6 Bxa6 26. Rfd1 Rxc1 27. Rxc1 Rc8 28. Rd1 Nd5 29. a4 Bb4 30. h4 Rc2 31. Nd4 Rxg2 32. Nc6 Rd2 33. Rxd2 Bxd2 0-1

[Event "27th Heraklion Open 2019"]
[Site "Heraklion"]
[Date "2019.09.05"]
[Round "4.11"]
[White "Kotsinis, Alexandros"]
[Black "Tsapaki, Asimenia"]
[Result "1-0"]
[ECO "A80"]
[WhiteElo "1951"]
[BlackElo "1460"]
[Annotator "NA"]
[PlyCount "75"]
[EventDate "2019.09.03"]
[EventType "swiss"]
[EventCountry "GRE"]
[SourceTitle "playchess.com"]
[Source "ChessBase"]
[SourceQuality "1"]
[TimeControl "40/5400+30:1800+30"]

1. d4 f5 2. Bg5 g6 3. e3 Bg7 4. Nf3 d6 5. c4 h6 6. Bf4 g5 7. Bg3 e6 8. Nc3 Bd7 9. Bd3 Qe7 10. Qc2 Nc6 11. a3 O-O-O 12. b4 Rf8 13. b5 Nb8 14. Rc1 e5 15. c5 f4 16. Nd5 Qd8 17. cxd6 c6 18. Bh7 Qa5+ 19. Kd1 Nf6 20. bxc6 Nxc6 21. Ne7+ Kd8 22. Nxc6+ Bxc6 23. Nxe5 Ba4 24. Bf5 Nd5 25. Be6 fxe3 26. Ke2 Bxc2 27. Rxc2 Qb5+ 28. Nd3 Nb6 29. Rhc1 Qc6 30. Rxc6 bxc6 31. fxe3 Re8 32. Nc5 Rxe6 33. Nxe6+ Kd7 34. Nxg7 Rf8 35. e4 Nc8 36. e5 Rg8 37. e6+ Kd8 38. e7+ 1-0

[Event "27th Heraklion Open 2019"]
[Site "Heraklion"]
[Date "2019.09.05"]
[Round "4.12"]
[White "Stathatos, Alexandros"]
[Black "Atakay, Mustafa"]
[Result "0-1"]
[ECO "B13"]
[WhiteElo "1387"]
[BlackElo "1866"]
[Annotator "NA"]
[PlyCount "124"]
[EventDate "2019.09.03"]
[EventType "swiss"]
[EventCountry "GRE"]
[SourceTitle "playchess.com"]
[Source "ChessBase"]
[SourceQuality "1"]
[TimeControl "40/5400+30:1800+30"]

1. e4 c6 2. d4 d5 3. exd5 cxd5 4. Bd3 Nc6 5. c3 Qc7 6. Nf3 Bg4 7. O-O e6 8. Re1 Bd6 9. h3 Bh5 10. Nbd2 Nf6 11. Nf1 O-O 12. Bg5 a6 13. Qc2 Bg6 14. Bxg6 hxg6 15. Bh4 Ne4 16. N1d2 Nxd2 17. Qxd2 Bf4 18. Qd3 b5 19. Bg5 Bd6 20. Bd2 Be7 21. Ne5 Nxe5 22. Rxe5 Bf6 23. Re2 Rfc8 24. Qf3 a5 25. Rc1 Ra6 26. Bf4 Qd8 27. Qd3 Bg5 28. Bxg5 Qxg5 29. Rec2 Rb6 30. b3 Qf5 31. Qxf5 gxf5 32. Kf1 Kf8 33. Ke2 g5 34. Kd3 Ke7 35. c4 bxc4+ 36. bxc4 dxc4+ 37. Rxc4 Rxc4 38. Rxc4 Rb2 39. Rc2 Rb4 40. Rc4 Rb1 41. Rc2 Kd6 42. Ke3 f4+ 43. Kd3 Rg1 44. f3 Rb1 45. Rc5 Rb2 46. Rc2 Rb5 47. Rc4 f6 48. Rc2 Kd5 49. Rc4 Kd6 50. Rc2 Rb1 51. Rc5 Rg1 52. Rc2 Kd5 53. Rc5+ Kd6 54. Rc2 Re1 55. Re2 Rxe2 56. Kxe2 Kd5 57. Kd3 a4 58. a3 e5 59. dxe5 fxe5 60. Kc3 e4 61. fxe4+ Kxe4 62. Kd2 Kd4 0-1

[Event "27th Heraklion Open 2019"]
[Site "Heraklion"]
[Date "2019.09.05"]
[Round "4.13"]
[White "Fragkiadakis, Emmanouel"]
[Black "Mavridis, Emmanouel"]
[Result "1-0"]
[ECO "D02"]
[WhiteElo "1743"]
[BlackElo "1268"]
[Annotator "NA"]
[PlyCount "111"]
[EventDate "2019.09.03"]
[EventType "swiss"]
[EventCountry "GRE"]
[SourceTitle "playchess.com"]
[Source "ChessBase"]
[SourceQuality "1"]
[TimeControl "40/5400+30:1800+30"]

1. d4 d5 2. Bf4 Nf6 3. e3 Bf5 4. Nf3 e6 5. c4 Bb4+ 6. Nc3 O-O 7. Qb3 Bxc3+ 8. bxc3 b6 9. Be2 Nc6 10. O-O Na5 11. Qb4 Nc6 12. Qa4 Ne7 13. Ne5 Ne4 14. Rfc1 Ng6 15. Nxg6 Bxg6 16. cxd5 exd5 17. Qc6 Re8 18. Qxc7 Qxc7 19. Bxc7 Rac8 20. Bf4 Rxc3 21. f3 Rec8 22. Rxc3 Nxc3 23. Ba6 Rc6 24. a4 h6 25. Bb8 Re6 26. Kf2 Re7 27. Ra3 Nb1 28. Rb3 Kh7 29. Ke2 Re8 30. Bc7 Re7 31. Bg3 Re6 32. Bd3 Rc6 33. Rxb1 Bxd3+ 34. Kxd3 Rc4 35. Ra1 Kg6 36. Be1 Kf6 37. a5 b5 38. a6 Rc6 39. Bb4 Rc4 40. Bc5 b4 41. Ra4 Rc3+ 42. Kd2 Rb3 43. Rxb4 Rxb4 44. Bxb4 Ke6 45. Bc5 Kd7 46. Bxa7 Kc6 47. Bc5 g6 48. e4 dxe4 49. fxe4 f6 50. d5+ Kxc5 51. a7 Kd4 52. a8=Q f5 53. Qa4+ Ke5 54. Qe8+ Kd4 55. exf5 Kxd5 56. fxg6 1-0

[Event "27th Heraklion Open 2019"]
[Site "Heraklion"]
[Date "2019.09.05"]
[Round "4.14"]
[White "Kealar, Ioannis"]
[Black "Koutsourakis, Ioannis"]
[Result "1/2-1/2"]
[ECO "C50"]
[WhiteElo "1240"]
[BlackElo "1739"]
[Annotator "NA"]
[PlyCount "89"]
[EventDate "2019.09.03"]
[EventType "swiss"]
[EventCountry "GRE"]
[SourceTitle "playchess.com"]
[Source "ChessBase"]
[SourceQuality "1"]
[TimeControl "40/5400+30:1800+30"]

1. e4 e5 2. Nf3 Nc6 3. Bc4 Bc5 4. d3 Nf6 5. Nc3 d6 6. Be3 Bb6 7. Qd2 Be6 8. Bb3 Qd7 9. O-O h6 10. Ne2 Bg4 11. Ng3 Bxf3 12. gxf3 Ne7 13. Kh1 d5 14. c3 d4 15. cxd4 Bxd4 16. Bxd4 Qxd4 17. Rg1 Qd6 18. Ne2 g5 19. d4 O-O-O 20. d5 Nh5 21. Rac1 Kb8 22. Qa5 Rhf8 23. Nc3 a6 24. Na4 Nf6 25. Rc3 Nd7 26. Rgc1 Rc8 27. Nc5 Nxc5 28. Qxc5 Qxc5 29. Rxc5 f5 30. Ba4 Rfd8 31. b4 fxe4 32. fxe4 b6 33. R5c3 b5 34. Bb3 Rf8 35. f3 Rf6 36. a4 Rb6 37. axb5 axb5 38. Rc5 Kb7 39. Ra1 Rb8 40. Rac1 Rc8 41. Bd1 Ng6 42. Be2 c6 43. Bf1 Nf4 44. dxc6+ Rcxc6 45. Bxb5 1/2-1/2

[Event "27th Heraklion Open 2019"]
[Site "Heraklion"]
[Date "2019.09.05"]
[Round "4.15"]
[White "Westman, Lennart"]
[Black "Georgakakis, Michail"]
[Result "1-0"]
[ECO "A48"]
[WhiteElo "1700"]
[BlackElo "1303"]
[Annotator "NA"]
[PlyCount "77"]
[EventDate "2019.09.03"]
[EventType "swiss"]
[EventCountry "GRE"]
[SourceTitle "playchess.com"]
[Source "ChessBase"]
[SourceQuality "1"]
[TimeControl "40/5400+30:1800+30"]

1. d4 Nf6 2. e3 d6 3. Bd3 g6 4. Nf3 Bg7 5. O-O O-O 6. b3 a6 7. Bb2 b5 8. Nbd2 c6 9. Qe2 Bb7 10. e4 Nbd7 11. c4 bxc4 12. Nxc4 c5 13. d5 Nh5 14. Bxg7 Nxg7 15. Rad1 Qc7 16. Rfe1 f6 17. Nfd2 Nh5 18. Qg4 Ne5 19. Nxe5 fxe5 20. Bf1 Bc8 21. Qe2 a5 22. Qe3 Kg7 23. Nf3 Bg4 24. Ng5 h6 25. Ne6+ Bxe6 26. dxe6 Nf4 27. Bc4 Rf6 28. Qc3 Nxe6 29. Bxe6 Rxe6 30. f4 Kh7 31. Qc4 Rf6 32. fxe5 Rff8 33. exd6 exd6 34. Qe6 Rad8 35. Rf1 Rxf1+ 36. Rxf1 Rd7 37. Rf8 Rg7 38. Qe8 Re7 39. Rh8+ 1-0

[Event "27th Heraklion Open 2019"]
[Site "Heraklion"]
[Date "2019.09.05"]
[Round "4.16"]
[White "Natoli, Domenico"]
[Black "Alexandrakis, Georgios"]
[Result "1-0"]
[ECO "E43"]
[WhiteElo "1694"]
[BlackElo "1254"]
[Annotator "NA"]
[PlyCount "65"]
[EventDate "2019.09.03"]
[EventType "swiss"]
[EventCountry "GRE"]
[SourceTitle "playchess.com"]
[Source "ChessBase"]
[SourceQuality "1"]
[TimeControl "40/5400+30:1800+30"]

1. d4 Nf6 2. c4 e6 3. Nc3 Bb4 4. e3 b6 5. Bd3 Bb7 6. Nf3 O-O 7. O-O Bxc3 8. bxc3 c5 9. Bb2 d6 10. Qe2 Qe7 11. Rfe1 Nc6 12. Rad1 Rad8 13. e4 e5 14. d5 Na5 15. Bc1 h6 16. Nh4 Bc8 17. Nf5 Bxf5 18. exf5 Rfe8 19. Qf3 Qd7 20. Qg3 Kh8 21. Qh3 Kh7 22. g4 Ng8 23. g5 f6 24. g6+ Kh8 25. Re4 Re7 26. Rde1 Rde8 27. Rh4 e4 28. Bf1 a6 29. Bf4 b5 30. cxb5 axb5 31. Qg3 Nb7 32. Rb1 Qxf5 33. Bh3 1-0

[Event "27th Heraklion Open 2019"]
[Site "Heraklion"]
[Date "2019.09.05"]
[Round "4.17"]
[White "Koutsaftis, Efstratios Panagioti"]
[Black "Aggeletou, Fereniki"]
[Result "1-0"]
[ECO "B76"]
[WhiteElo "1611"]
[BlackElo "1178"]
[Annotator "NA"]
[PlyCount "83"]
[EventDate "2019.09.03"]
[EventType "swiss"]
[EventCountry "GRE"]
[SourceTitle "playchess.com"]
[Source "ChessBase"]
[SourceQuality "1"]
[TimeControl "40/5400+30:1800+30"]

1. e4 c5 2. Nf3 d6 3. d4 cxd4 4. Nxd4 Nf6 5. Nc3 g6 6. Be3 Bg7 7. f3 O-O 8. Qd2 Nc6 9. g4 d5 10. Nxc6 bxc6 11. O-O-O Bb7 12. e5 Nd7 13. Bh6 Nxe5 14. Bxg7 Kxg7 15. h4 Qb6 16. Na4 Qc7 17. h5 Nxf3 18. Qc3+ Ne5 19. hxg6 fxg6 20. Re1 Rf6 21. Qxe5 Qxe5 22. Rxe5 Kf7 23. Nc5 Bc8 24. g5 Rf2 25. Nd3 Rf5 26. Rxf5+ gxf5 27. Rxh7+ Kg6 28. Rxe7 Kxg5 29. Ne5 c5 30. Nc6 a6 31. Bg2 d4 32. Na7 Rb8 33. Re8 f4 34. Rxc8 Rb6 35. Rxc5+ Kg4 36. Nc6 Kg3 37. Rg5+ Kf2 38. Nxd4 Rf6 39. Rf5 Rxf5 40. Nxf5 Kxg2 41. c4 f3 42. Nh4+ 1-0

[Event "27th Heraklion Open 2019"]
[Site "Heraklion"]
[Date "2019.09.05"]
[Round "4.18"]
[White "Terzakis, Georgios"]
[Black "Koumis, Filippos"]
[Result "1/2-1/2"]
[ECO "E61"]
[WhiteElo "1162"]
[BlackElo "1601"]
[Annotator "NA"]
[PlyCount "89"]
[EventDate "2019.09.03"]
[EventType "swiss"]
[EventCountry "GRE"]
[SourceTitle "playchess.com"]
[Source "ChessBase"]
[SourceQuality "1"]
[TimeControl "40/5400+30:1800+30"]

1. d4 Nf6 2. c4 g6 3. Nc3 Bg7 4. Nf3 O-O 5. Bf4 d6 6. e3 Nbd7 7. Be2 Re8 8. Bg3 e5 9. dxe5 dxe5 10. Nxe5 c6 11. Nxd7 Bxd7 12. O-O Qb6 13. Qb3 Qxb3 14. axb3 Ne4 15. Nxe4 Rxe4 16. Ra2 Ree8 17. Rd1 Be6 18. h3 a6 19. b4 Bf8 20. Bd6 Bxd6 21. Rxd6 Red8 22. Rxd8+ Rxd8 23. b3 Kf8 24. Kf1 Ke7 25. Ke1 Rc8 26. Kd2 Rc7 27. Kc3 h6 28. Bg4 Bxg4 29. hxg4 Kf6 30. f4 Ke6 31. Rd2 f5 32. g5 hxg5 33. fxg5 Rh7 34. c5 Rh5 35. Rd6+ Kf7 36. Rd7+ Ke8 37. Rxb7 Rxg5 38. Rc7 Rxg2 39. Rxc6 g5 40. Rxa6 g4 41. Rg6 Kf7 42. c6 Rg1 43. Kc2 Rg2+ 44. Kc1 Rg1+ 45. Kc2 1/2-1/2

[Event "27th Heraklion Open 2019"]
[Site "Heraklion"]
[Date "2019.09.05"]
[Round "4.19"]
[White "Xirouhakis, Emmanouil"]
[Black "Diamantis, Angelos"]
[Result "1-0"]
[ECO "D51"]
[WhiteElo "1574"]
[BlackElo "1053"]
[Annotator "NA"]
[PlyCount "37"]
[EventDate "2019.09.03"]
[EventType "swiss"]
[EventCountry "GRE"]
[SourceTitle "playchess.com"]
[Source "ChessBase"]
[SourceQuality "1"]
[TimeControl "40/5400+30:1800+30"]

1. d4 d5 2. c4 e6 3. Nc3 Nf6 4. cxd5 exd5 5. Bg5 Bb4 6. e3 Nbd7 7. Bd3 Qe7 8. Nge2 b6 9. O-O O-O 10. Nxd5 Qd6 11. Nxf6+ Nxf6 12. a3 Qd5 13. Bxf6 gxf6 14. axb4 Qg5 15. Be4 Rb8 16. Nf4 Kh8 17. Rxa7 f5 18. Bd5 Bd7 19. Rxc7 1-0

[Event "27th Heraklion Open 2019"]
[Site "Heraklion"]
[Date "2019.09.06"]
[Round "5.5"]
[White "Namini, Armin"]
[Black "Westman, Lennart"]
[Result "1-0"]
[ECO "A10"]
[WhiteElo "2251"]
[BlackElo "1700"]
[Annotator "ChessBase"]
[PlyCount "71"]
[EventDate "2019.09.03"]
[EventType "swiss"]
[EventCountry "GRE"]
[SourceTitle "playchess.com"]
[Source "ChessBase"]
[SourceQuality "1"]
[TimeControl "40/5400+30:1800+30"]

1. c4 d6 2. g3 c6 3. Bg2 Nd7 4. Nc3 Qc7 5. d3 e5 6. e4 Be7 7. Nge2 Ngf6 8. h3 Nf8 9. Be3 Ng6 10. Qd2 Bd7 11. d4 O-O 12. O-O exd4 13. Nxd4 Ne5 14. b3 a6 15. f4 Ng6 16. Nf5 Bxf5 17. exf5 Nh8 18. g4 Nd7 19. Rfd1 Rad8 20. Rab1 Rfe8 21. Kh1 b5 22. Ne4 Nf6 23. Nxf6+ Bxf6 24. Qf2 Rb8 25. Rbc1 b4 26. Rd3 Be7 27. Qf3 Rbc8 28. Bd4 f6 29. Re3 Nf7 30. Rce1 Kf8 31. Qe2 Qd7 32. Bb2 g5 33. fxg6 hxg6 34. Qd3 Kg7 35. g5 Qd8 36. gxf6+ 1-0

[Event "27th Heraklion Open 2019"]
[Site "Heraklion"]
[Date "2019.09.06"]
[Round "5.6"]
[White "Bras, Emmanouel"]
[Black "Hulshof, Peter"]
[Result "0-1"]
[ECO "A40"]
[WhiteElo "1838"]
[BlackElo "2180"]
[Annotator "ChessBase"]
[PlyCount "108"]
[EventDate "2019.09.03"]
[EventType "swiss"]
[EventCountry "GRE"]
[SourceTitle "playchess.com"]
[Source "ChessBase"]
[SourceQuality "1"]
[TimeControl "40/5400+30:1800+30"]

1. d4 g6 2. Nf3 Bg7 3. c3 d6 4. h3 c6 5. Bf4 Nd7 6. e3 Ngf6 7. Be2 O-O 8. Bh2 Re8 9. O-O Qb6 10. Qb3 Qxb3 11. axb3 Nb6 12. Nbd2 Bf5 13. g4 Bd7 14. Rfe1 h6 15. Nc4 Nxc4 16. bxc4 a6 17. Nd2 Rad8 18. Nb3 Bc8 19. Bf3 Nd7 20. c5 Nf8 21. Kg2 d5 22. Bg3 Nh7 23. Kh2 Ng5 24. Bg2 f6 25. Nd2 Nf7 26. Kg1 e5 27. Nb3 e4 28. Nd2 f5 29. gxf5 Bxf5 30. Kh2 Bf6 31. Rh1 g5 32. Kg1 Rd7 33. Kf1 Bg6 34. Ke1 h5 35. h4 g4 36. Bf4 Kg7 37. Nf1 Nd8 38. Ng3 Ne6 39. Bd6 Kf7 40. Ne2 Ng7 41. Bg3 Nf5 42. Kd2 Kg7 43. Nf4 Bf7 44. Bf1 Bd8 45. Be2 Bc7 46. Rhf1 Bxf4 47. exf4 Rde7 48. Kc2 Bg6 49. Kb3 e3 50. Bd3 Nxg3 51. Bxg6 Nxf1 52. Bxe8 Nd2+ 53. Kc2 Rxe8 54. fxe3 Nc4 0-1

[Event "27th Heraklion Open 2019"]
[Site "Heraklion"]
[Date "2019.09.06"]
[Round "5.7"]
[White "Fragkiadakis, Emmanouel"]
[Black "Lirindzakis, Timotheos"]
[Result "1/2-1/2"]
[ECO "D02"]
[WhiteElo "1743"]
[BlackElo "2157"]
[Annotator "ChessBase"]
[PlyCount "62"]
[EventDate "2019.09.03"]
[EventType "swiss"]
[EventCountry "GRE"]
[SourceTitle "playchess.com"]
[Source "ChessBase"]
[SourceQuality "1"]
[TimeControl "40/5400+30:1800+30"]

1. d4 Nf6 2. Bf4 d5 3. e3 e6 4. Nd2 Bd6 5. Bg3 O-O 6. Ngf3 c5 7. c3 Qc7 8. Ne5 Nbd7 9. f4 Ne4 10. Bd3 Nxd2 11. Qxd2 Nf6 12. O-O b6 13. Qe2 Ne4 14. Bh4 f6 15. Ng4 Bb7 16. Rad1 c4 17. Bb1 b5 18. Be1 a5 19. a3 Bc6 20. Rf3 Be8 21. Nf2 f5 22. Bxe4 dxe4 23. Rh3 Bc6 24. g4 Bd5 25. gxf5 exf5 26. Qh5 g6 27. Rg3 Rf7 28. Nh3 Rg7 29. Qh6 Bf8 30. Rg2 Ra6 31. Bh4 Rd6 1/2-1/2

[Event "27th Heraklion Open 2019"]
[Site "Heraklion"]
[Date "2019.09.06"]
[Round "5.8"]
[White "Natoli, Domenico"]
[Black "Alquist, Erik"]
[Result "0-1"]
[ECO "E76"]
[WhiteElo "1694"]
[BlackElo "2020"]
[Annotator "NA"]
[PlyCount "60"]
[EventDate "2019.09.03"]
[EventType "swiss"]
[EventCountry "GRE"]
[SourceTitle "playchess.com"]
[Source "ChessBase"]
[SourceQuality "1"]
[TimeControl "40/5400+30:1800+30"]

1. d4 Nf6 2. c4 g6 3. Nc3 Bg7 4. e4 d6 5. f4 c5 6. d5 O-O 7. Nf3 e6 8. dxe6 fxe6 9. Bd3 Nc6 10. O-O Nd4 11. Nxd4 cxd4 12. Nb5 e5 13. f5 $2 (13. fxe5 $11 {and White is okay.} dxe5 14. c5) 13... gxf5 14. exf5 a6 15. Na3 e4 16. Be2 Qb6 $19 17. Qb3 Qc5 18. Kh1 d3 19. Bd1 Bxf5 20. Bf4 Rad8 21. Re1 Bg4 22. h3 Qh5 23. Kg1 Qh4 24. Bxg4 Nxg4 25. Rxe4 Qf2+ 26. Kh1 Rxf4 27. Qxd3 Rxe4 28. Qxe4 Ne3 29. Rb1 Rf8 30. b4 Be5 0-1

[Event "27th Heraklion Open 2019"]
[Site "Heraklion"]
[Date "2019.09.06"]
[Round "5.9"]
[White "Putrenko, Kirill"]
[Black "Koutsaftis, Efstratios Panagioti"]
[Result "1-0"]
[ECO "D38"]
[WhiteElo "1974"]
[BlackElo "1611"]
[Annotator "NA"]
[PlyCount "59"]
[EventDate "2019.09.03"]
[EventType "swiss"]
[EventCountry "GRE"]
[SourceTitle "playchess.com"]
[Source "ChessBase"]
[SourceQuality "1"]
[TimeControl "40/5400+30:1800+30"]

1. d4 Nf6 2. c4 e6 3. Nf3 d5 4. Nc3 Bb4 5. Bg5 h6 6. Bxf6 Qxf6 7. e3 O-O 8. Qc2 dxc4 9. Bxc4 c5 10. O-O cxd4 11. Nxd4 a6 12. Ne4 $14 Qe7 13. a3 Ba5 14. b4 Bc7 15. Rac1 Be5 16. Nf3 Nc6 17. Rfd1 Bb8 18. Bb3 Ne5 19. Nxe5 Bxe5 20. f4 Bb8 21. Qxc8 Rxc8 22. Rxc8+ Kh7 23. Rdd8 b5 24. Re8 Qa7 25. Nc5 a5 26. Bc2+ g6 27. Rh8+ Kg7 28. Rhg8+ Kh7 29. Kf1 axb4 30. Ne4 1-0

[Event "27th Heraklion Open 2019"]
[Site "Heraklion"]
[Date "2019.09.06"]
[Round "5.11"]
[White "Atakay, Mustafa"]
[Black "Xirouhakis, Emmanouil"]
[Result "1-0"]
[ECO "D10"]
[WhiteElo "1866"]
[BlackElo "1574"]
[Annotator "NA"]
[PlyCount "31"]
[EventDate "2019.09.03"]
[EventType "swiss"]
[EventCountry "GRE"]
[SourceTitle "playchess.com"]
[Source "ChessBase"]
[SourceQuality "1"]
[TimeControl "40/5400+30:1800+30"]

1. d4 d5 2. c4 c6 3. cxd5 cxd5 4. Bf4 Bf5 5. Nc3 e6 6. e3 Nc6 7. Qb3 b6 $2 (7... Bb4 $11) 8. Bb5 $18 Nge7 9. Qa4 Qc8 10. Ba6 Qd7 11. Nb5 e5 12. dxe5 Be6 13. Nd6+ Kd8 14. Rc1 Nxe5 15. Nb7+ Ke8 16. Bb5 1-0